 Dungeon Crawl Stone Soup version 0.28.0-53-g5a82cb258f (webtiles) character file.

Game seed: 17574088435837806296

3394 safid the Severer (level 10, -2/86 HPs)
             Began as a Hill Orc Fighter on Aug 7, 2022.
             Was a Follower of Beogh.
             Killed by divine providence
             ... invoked by an orc priest
              (14 damage)
             ... on level 7 of the Dungeon.
             The game lasted 00:10:17 (9649 turns).

safid the Severer (Hill Orc Fighter)                Turns: 9649, Time: 00:10:17

Health: -2/86      AC: 11    Str: 24    XL:     10   Next: 4%
Magic:  10/10      EV:  6    Int:  8    God:    Beogh [*.....]
Gold:   324        SH:  4    Dex: 10    Spells: 9/9 levels left

rFire   . . .      SeeInvis .   a - +0 war axe
rCold   . . .      Faith    .   c - +0 buckler
rNeg    . . .      Spirit   .   v - +0 plate armour
rPois   .          Reflect  .   (no helmet)
rElec   .          Harm     .   (no cloak)
rCorr   .          Rampage  .   (no gloves)
Will    .....                   (no boots)
Stlth   ..........              (no amulet)
HPRegen 0.24/turn               (no ring)
MPRegen 0.12/turn               (no ring)

@: no status effects
A: no striking features
a: Renounce Religion


You were on level 7 of the Dungeon.
You worshipped Beogh.
Beogh was aware of your devotion.
You visited 1 branch of the dungeon, and saw 7 of its levels.
You also visited: Sewer.

You collected 324 gold pieces.

Inventory:

Hand Weapons
 a - a +0 war axe (weapon)
Missiles
 f - 6 curare-tipped darts (quivered)
 o - 13 poisoned darts
 u - 5 javelins
 w - 6 silver javelins
Armour
 c - a +0 buckler (worn)
 v - a +0 plate armour (worn)
Wands
 r - a wand of polymorph (7)
Scrolls
 b - a scroll of blinking
 e - a scroll of enchant weapon
 i - a scroll of vulnerability
 j - a scroll of noise
 m - 2 scrolls of teleportation
 s - a scroll of immolation
 t - a scroll of amnesia {unknown}
 x - a scroll of identify
Potions
 d - 4 potions of might
 g - a potion of curing {unknown}
 h - 2 potions of heal wounds
 k - a potion of attraction {unknown}
 l - a potion of degeneration {unknown}
 n - a potion of mutation {unknown}
 p - a potion of resistance {unknown}
 q - a potion of magic {unknown}


   Skills:
 + Level 7.5 Fighting
 - Level 16.0 Axes
 - Level 4.0 Armour
 - Level 4.0 Shields


You had 9 spell levels left.
You didn't know any spells.
Your spell library contained the following spells:

 Spells                   Type           Power      Damage    Failure   Level
 Summon Small Mammal      Summ           0%         N/A       100%        1
 Corpse Rot               Necr/Air       0%         N/A       100%        2
 Poisonous Vapours        Pois/Air       0%         N/A       100%        2
 Call Canine Familiar     Summ           0%         N/A       100%        3
 Summon Guardian Golem    Hex/Summ       0%         N/A       100%        3
 Fulminant Prism          Conj/Hex       0%         3d6       100%        4
 Iskenderun's Mystic Bla  Conj/Tloc      0%         2d3       100%        4
 Lee's Rapid Deconstruct  Erth           0%         3d5*      100%        5


Dungeon Overview and Level Annotations

Branches:
Dungeon (7/15)             Temple (0/1) D:4           Sewer (visited)

Altars:
Cheibriados
Qazlal
Zin

Shops:
D:6 *


Message History

The orc priest is healed somewhat.
The orc priest closely misses you.
The orc priest invokes the aid of Beogh against you.
Beogh smites you!
You hit the orc priest.
The orc priest is severely wounded.
You slash the orc priest!
You kill the orc priest!
Beogh accepts your kill.
Beogh appreciates your killing of a heretic priest.
The orc priest invokes the aid of Beogh against you.
Beogh smites you!
You hit the orc priest.
The orc priest is almost dead.
You completely miss the orc priest. The orc priest hits you with a +0 mace.
* * * LOW HITPOINT WARNING * * *
Unknown command.
You barely miss the orc priest.
The orc priest is almost dead.
You slash the orc priest!
The orc priest calls down the wrath of Beogh upon you.
Pain shoots through your body!
* * * LOW HITPOINT WARNING * * *
Unknown command.
You closely miss the orc priest.
The orc priest is almost dead.
You closely miss the orc priest.
The orc priest calls upon Beogh to heal the orc priest.
The orc priest is healed somewhat.
The orc priest calls upon Beogh to heal the orc priest.
The orc priest is healed somewhat.
You hit the orc priest but do no damage.
The orc priest is severely wounded.
You slash the orc priest!
You kill the orc priest!
Beogh accepts your kill.
Beogh appreciates your killing of a heretic priest.
The orc priest mumbles some strange prayers to Beogh against you.
Beogh smites you!
You die...
Beogh appreciates the orc priest's killing of a heretic priest.

# # ##. ######.#
.... #>.....##
.... #<).....#
...#oo###@.......
......([)o.......
..##.####......##
###.#.## .### .#
.#


You could see an orc priest.

Vanquished Creatures
  A shadow (D:5)
  A yak (D:6)
  A steam dragon (D:4)
  Duvessa (D:6)
  A water moccasin (D:6)
  An orc warrior (D:7)
  A black bear (D:6)
  A sky beast (D:5)
  7 ogres
  A phantom (D:5)
  A centaur (D:6)
  3 kobold brigands
  4 scorpions
  A bullfrog (D:4)
  A water moccasin skeleton (D:6)
  A wyvern skeleton (D:6)
  Dowan (D:6)
  A bullfrog zombie (D:5)
  A centaur zombie (D:6)
  3 orc priests
  4 hounds
  3 centaur skeletons
  A gnoll shaman (D:6)
  3 iguanas
  6 orc wizards
  3 hound skeletons (D:4)
  14 gnolls
  17 adders
  6 river rats
  A white imp (D:6)
  4 worms
  3 dart slugs
  20 orcs
  5 endoplasms
  4 giant cockroaches
  6 goblins
  6 hobgoblins
  10 jackals
  6 kobolds
  5 quokkas
  11 ball pythons
  5 bats
  6 frilled lizards
  8 rats
190 creatures vanquished.

Vanquished Creatures (others)
  3 orcs (D:4)
  An endoplasm (D:4)
  A giant cockroach (D:4)
  2 fungi (D:5)
  14 plants (Sewer)
21 creatures vanquished.

Grand Total: 211 creatures vanquished

Notes
Turn   | Place    | Note
-------+----------+-------------------------------------------
     0 | D:1      | safid the Hill Orc Fighter began the quest for the Orb.
     0 | D:1      | Reached XP level 1. HP: 19/19 MP: 1/1
   189 | D:1      | Reached XP level 2. HP: 22/27 MP: 2/2
   271 | D:1      | Reached skill level 3 in Axes
   810 | D:2      | Found a faded altar of an unknown god.
   855 | D:2      | Found a stormy altar of Qazlal.
  1046 | D:2      | Reached XP level 3. HP: 22/33 MP: 3/3
  1401 | D:2      | Reached XP level 4. HP: 30/40 MP: 4/4
  1404 | D:2      | Reached skill level 4 in Axes
  1929 | D:3      | Reached skill level 5 in Axes
  1929 | D:3      | Reached XP level 5. HP: 44/46 MP: 5/5
  2241 | D:3      | Reached skill level 6 in Axes
  2297 | D:3      | Reached XP level 6. HP: 12/52 MP: 6/6
  2300 | D:3      | Found a glowing drain.
  2389 | Sewer    | Entered a sewer
  2631 | Sewer    | Reached skill level 7 in Axes
  2966 | Sewer    | Reached skill level 8 in Axes
  3452 | D:3      | Reached XP level 7. HP: 59/59 MP: 7/7
  3864 | D:4      | Reached skill level 9 in Axes
  4232 | D:4      | Reached skill level 10 in Axes
  4382 | D:4      | Became a worshipper of Beogh the Brigand
  4771 | D:4      | Noticed a steam dragon
  4782 | D:4      | Killed a steam dragon
  4783 | D:4      | Reached skill level 11 in Axes
  4783 | D:4      | Reached XP level 8. HP: 25/66 MP: 8/8
  5657 | D:4      | Found a staircase to the Ecumenical Temple.
  5850 | D:5      | Entered Level 5 of the Dungeon
  6048 | D:5      | Noticed a shadow
  6054 | D:5      | Killed a shadow
  6055 | D:5      | Reached skill level 12 in Axes
  6300 | D:5      | Reached skill level 13 in Axes
  7068 | D:6      | Reached XP level 9. HP: 62/71 MP: 9/9
  7070 | D:6      | Reached skill level 14 in Axes
  7219 | D:6      | Found a snail-covered altar of Cheibriados.
  7225 | D:6      | Noticed Duvessa
  7225 | D:6      | Noticed Dowan
  7241 | D:6      | Killed Duvessa
  7243 | D:6      | Killed Dowan
  7561 | D:6      | Reached skill level 15 in Axes
  7983 | D:6      | Reached * piety under Beogh
  8092 | D:6      | Reached skill level 16 in Axes
  8450 | D:6      | Found Zin's Purification Station.
  8453 | D:6      | Found a glowing silver altar of Zin.
  8739 | D:6      | Reached skill level 5 in Fighting
  9268 | D:7      | Reached XP level 10. HP: 86/86 MP: 10/10
  9287 | D:7      | HP: 3/86 [orc priest/divine providence (12)]
  9649 | D:7      | Killed from afar by an orc priest

Illustrated notes

Levels and vault maps discovered:
D:1:      sevenhm_arrival_forest_fort_large_2, layout_rooms
D:2:      layout_loops_cross, basic_altar, basic_ecumenical_altar,
          kennysheep_donut
D:3:      layout_loops_ring, lightli_sewer_entry_pipes, palyth_stone_intersect
D:4:      minmay_thick_lines, layout_gridville, minmay_temple_entry_poolview,
          eino_tiny_chamber, kennysheep_nub
D:5:      wander_river, layout_basic, serial_aquarium, aquarium_bridge_straight
          [aquarium_subvault_bridge, aquarium_subvault_wall,
          aquarium_subvault_bridge, aquarium_subvault_balcony],
          aquarium_bridge_long_joined [aquarium_subvault_wall,
          aquarium_subvault_bridge, aquarium_subvault_window,
          aquarium_subvault_balcony, aquarium_subvault_bridge,
          aquarium_subvault_wall], aquarium_window_1, aquarium_window_1,
          aquarium_window_fake, aquarium_view_2d, aquarium_balcony_double_1
D:6:      layout_basic, zin_purify, general_overflow_altar,
          minmay_divided_ellipse, uniq_duvessa
D:7:      layout_loops_corners, minitemple, gammafunk_ghost_cemetery,
          uniq_maggie, uniq_menkaure

Skill      XL: |  1  2  3  4  5  6  7  8  9 |
---------------+----------------------------+-----
Axes           | 3 5 6 8 11 13 16 | 16.0
Fighting       | 4 7 |  7.5
Armour         | 4 |  4.0
Shields        | 4 |  4.0

Action                   |  1- 3 |  4- 6 |  7- 9 | 10-12 || total
-------------------------+-------+-------+-------+-------++-------
Melee: War axe           |    84 |   230 |   352 |    32 ||   698
Throw: Dart              |       |       |     8 |       ||     8
Invok: Convert to Beogh  |       |       |     1 |       ||     1
  Use: Scroll            |       |       |     7 |       ||     7
Armor: Scale mail        |    44 |    91 |    75 |       ||   210
       Plate armour      |       |       |    40 |     3 ||    43
Dodge: Dodged            |    44 |   119 |   112 |     5 ||   280
Block: Buckler           |    16 |    50 |    52 |     2 ||   120
